[Event "1000 GM Labor Day Super Swiss 2024"]
[Site "San Jose"]
[Date "2024.09.03"]
[Round "7.12"]
[White "Chinni, Rishabh"]
[Black "Sivakumar, Shaashwath"]
[Result "1/2-1/2"]
[Annotator "TA"]
[ECO "B90"]
[WhiteElo "2220"]
[BlackElo "2321"]
[PlyCount "59"]
[EventDate "2024.08.30"]
[EventType "swiss"]
[EventCountry "USA"]
[SourceTitle "playchess.com"]
[Source "ChessBase"]
[SourceQuality "1"]
[TimeControl "5400+30"]

1. e4 c5 2. Nf3 d6 3. d4 cxd4 4. Nxd4 Nf6 5. Nc3 a6 6. f3 e5 7. Nb3 Be7 8. Be3 Be6 9. Qd2 h5 10. Nd5 Nxd5 11. exd5 Bf5 12. c4 O-O 13. Be2 a5 {[%emt 0:00:07] The position is equal.} 14. Rc1 a4 15. Na1 Qa5 16. Qxa5 Rxa5 17. O-O Nd7 18. Nc2 Bxc2 19. Rxc2 Rc8 20. Rcc1 g6 21. g4 hxg4 22. fxg4 Bd8 23. g5 Bb6 $1 24. Rc3 Rc7 25. Bxb6 Nxb6 26. Rf6 Nc8 ({Black should play} 26... a3 $1 $11 27. Rxa3 (27. Rxd6 Nxd5 28. Rxa3 Rxa3 $11) 27... Rxa3 28. bxa3 Nxc4) 27. Bg4 {[%emt 0:43:29] White has more active pieces.} ({White should try} 27. h4 $14) 27... Rac5 $11 28. Be2 (28. b3 $11) 28... Ra5 $14 29. Bg4 (29. h4 $14) 29... Nb6 (29... Rac5 $11) 30. Be2 {[%emt 0:00:30] Weighted Error Value: White=0.14 (very precise) /Black=0.13 (very precise) .  Mistake:       	White=4     	Black=2      Inaccurate:     	White=1     	---        OK:         	White=5     	Black=8      Best:        	White=1     	---        Strong:       	---       	Black=1} (30. Rxd6 $14 Rxc4 31. Rd8+ Kg7 32. Rxc4 Nxc4 33. d6) 1/2-1/2

[Event "1000 GM Labor Day Super Swiss 2024"]
[Site "San Jose"]
[Date "2024.09.03"]
[Round "7.13"]
[White "Sivakumar, Shaaketh"]
[Black "Widjaja, Luke"]
[Result "1-0"]
[Annotator "RC"]
[ECO "E05"]
[WhiteElo "2307"]
[BlackElo "2056"]
[PlyCount "106"]
[EventDate "2024.08.30"]
[EventType "swiss"]
[EventCountry "USA"]
[SourceTitle "playchess.com"]
[Source "ChessBase"]
[SourceQuality "1"]
[TimeControl "5400+30"]

1. d4 d5 2. c4 e6 3. Nf3 Nf6 4. g3 Be7 5. Bg2 O-O 6. O-O dxc4 7. Qc2 a6 8. a4 c5 9. Qxc4 cxd4 10. Rd1 Nc6 11. Bf4 Qb6 12. Nbd2 Nd7 13. a5 Nxa5 14. Qxd4 Bc5 15. Qc3 Nc6 16. Ne4 Bb4 17. Qc2 e5 18. Be3 Qc7 19. Rac1 Be7 20. Nc3 Nf6 21. Ng5 g6 22. Nd5 Nxd5 23. Bxd5 Kg7 24. Qb3 Bd8 25. Nxf7 Rxf7 26. Bxf7 Qxf7 27. Bh6+ Kg8 28. Qxf7+ Kxf7 29. Rxc6 bxc6 30. Rxd8 c5 31. Rh8 Kf6 32. Bd2 h5 33. Bc3 Bb7 34. Rh7 Be4 35. Rc7 Rd8 36. f3 Ba8 37. Rxc5 Rd5 38. Rc8 Rd1+ 39. Kf2 Bd5 40. Rc5 Kf7 41. Bxe5 Ke6 42. Bc3 Kd6 43. Ra5 Bc4 44. Ra4 Kc5 45. b3 Bxb3 46. Rxa6 Rc1 47. Bd2 Rc2 48. Ke3 Bf7 49. Ra7 Be8 50. Re7 Bb5 51. Rc7+ Bc6 52. Rg7 Be8 53. Rg8 Kd5 1-0

[Event "1000 GM Labor Day Super Swiss 2024"]
[Site "San Jose"]
[Date "2024.09.03"]
[Round "7.14"]
[White "Gui, Suyuan"]
[Black "Garcia Guerrero, Isaac Antonio"]
[Result "0-1"]
[Annotator "TA"]
[ECO "B27"]
[WhiteElo "2033"]
[BlackElo "2291"]
[PlyCount "116"]
[EventDate "2024.08.30"]
[EventType "swiss"]
[EventCountry "USA"]
[SourceTitle "playchess.com"]
[Source "ChessBase"]
[SourceQuality "1"]
[TimeControl "5400+30"]

1. e4 c5 2. Nf3 g6 3. d4 cxd4 4. Qxd4 Nf6 5. e5 Nc6 6. Qa4 Nd5 7. Qb3 Nc7 8. Nc3 Ne6 {[%emt 0:01:32] Inhibits Bf4.} 9. Be3 {[%emt 0:05:50] White has an edge.} Bg7 10. Qd5 (10. h4 $14) 10... Qc7 $11 11. Nb5 Qb8 12. O-O-O a6 13. Nbd4 Nxe5 14. h4 (14. Nxe6 fxe6 15. Qd4 b5) 14... Qc7 15. h5 (15. Nxe5 $15 Bxe5 16. h5) 15... d6 $17 16. Be2 Bd7 17. Nxe5 Bxe5 18. Bg4 Rc8 19. c3 Qc4 20. Qxc4 Rxc4 21. Be2 Rc8 22. Nxe6 Bxe6 23. Bf3 Rc7 24. a3 O-O 25. hxg6 fxg6 26. Be4 Bf4 27. Bxf4 Rxf4 28. f3 Kg7 29. Rde1 Bb3 30. Bc2 Bf7 31. Kd2 Rf6 32. Rh4 e5 33. Rb4 b5 34. a4 Rf4 (34... Rc4 $17 {With the idea ...Rxb4.} 35. axb5 Rxb4 36. cxb4 axb5) 35. Rxf4 $11 exf4 36. axb5 (36. Re4 $11) 36... axb5 {[%emt 0:00:09][%mdl 4096] Endgame. KRB-KRB} 37. Re4 Rc4 38. Re7 Kf6 39. Rd7 Rc6 $1 40. Bd3 Rb6 {[%emt 0:00:33] Against Rb7} (40... h6 $17) 41. b4 h5 42. Ra7 g5 43. Ke2 $2 {[%emt 0:02:08] [#]} (43. Ra5 $11) 43... g4 $1 $19 44. Ra5 {[%emt 0:00:58] [#]} Be8 ({Black should try} 44... g3 $1 $19 {Hoping for ...h4.} 45. Rxb5 Rxb5 46. Bxb5 Ke5) 45. Ra8 $1 $15 Bd7 46. fxg4 (46. Rg8 $1 $11 {keeps the balance.}) 46... hxg4 $17 47. Be4 Be6 48. Ra7 $2 (48. Bd3) 48... Rb8 $19 49. Bd3 $2 (49. Bc6) 49... Bd5 50. Rd7 Bxg2 51. Rxd6+ Kg5 52. Kf2 Ba8 53. Rg6+ Kh5 54. Rg7 g3+ 55. Kf1 Kh4 56. Bf5 g2+ $2 (56... Rd8 {And now ...g2+ would win.} 57. Bd7 Be4 (57... Bf3 $2 58. Rf7 $19)) 57. Kf2 (57. Rxg2 Bxg2+ 58. Kxg2) 57... Rd8 {[%emt 0:00:30] Threatens to win with ...Rd2+.} 58. Rg4+ Kh5 {[%emt 0:00:09] Weighted Error Value: White=0.60/Black=0.26 (precise) .  Loses game:     	White=1     	---        Mistake:       	White=6     	Black=3      Inaccurate:     	White=6     	Black=4      OK:         	White=14    	Black=9      Best:        	White=2     	Black=4      Strong:       	White=1     	Black=2} 0-1

[Event "1000 GM Labor Day Super Swiss 2024"]
[Site "San Jose"]
[Date "2024.09.03"]
[Round "7.15"]
[White "Guo, Ethan"]
[Black "Tang, Dylan"]
[Result "1/2-1/2"]
[Annotator "TA"]
[ECO "C45"]
[WhiteElo "2211"]
[BlackElo "2092"]
[PlyCount "49"]
[EventDate "2024.08.30"]
[EventType "swiss"]
[EventCountry "USA"]
[SourceTitle "playchess.com"]
[Source "ChessBase"]
[SourceQuality "1"]
[TimeControl "5400+30"]

1. e4 e5 2. Nf3 Nc6 3. d4 exd4 4. Nxd4 Bc5 5. Nb3 Bb6 6. Nc3 Nf6 7. Bg5 h6 8. Bh4 d6 9. Qe2 Be6 10. O-O-O g5 {[%emt 0:03:23] The position is equal.} 11. Bg3 {[%emt 0:00:00] [#] And now e5 would win.} Qe7 12. e5 Bxb3 (12... dxe5 $142 13. h4 Rg8) 13. exf6 $11 Qxe2 14. Bxe2 Be6 15. h4 {[%emt 0:00:00] Black must now prevent hxg5.} O-O-O 16. Nd5 Rdg8 17. Bb5 gxh4 18. Rxh4 {[%emt 0:00:00] Bxc6 would now be deadly.} Bxd5 19. Rxd5 Rg6 20. Rf5 Nd4 21. Bd3 {[%emt 0:00:00] Strongly threatening Rff4.} Rxg3 22. fxg3 Nxf5 23. Bxf5+ Kd8 24. Re4 Re8 {[%emt 0:00:16] Repels Re7} 25. Rxe8+ {[%emt 0:00:00] Weighted Error Value: White=0.10 (very precise) /Black=0.06 (flawless) .  Mistake:       	---       	Black=1      Inaccurate:     	White=2     	---        OK:         	White=5     	Black=11     Best:        	White=1     	Black=1} 1/2-1/2

[Event "1000 GM Labor Day Super Swiss 2024"]
[Site "San Jose"]
[Date "2024.09.03"]
[Round "7.16"]
[White "Piasetski, Leon"]
[Black "Biyiasas, Theodore"]
[Result "1-0"]
[Annotator "TA"]
[ECO "A11"]
[WhiteElo "2167"]
[BlackElo "1973"]
[PlyCount "67"]
[EventDate "2024.08.30"]
[EventType "swiss"]
[EventCountry "USA"]
[SourceTitle "playchess.com"]
[Source "ChessBase"]
[SourceQuality "1"]
[TimeControl "5400+30"]

1. c4 c6 2. Nf3 d5 3. e3 Nf6 4. Nc3 a6 5. Qc2 Bg4 6. Ne5 Bh5 7. cxd5 Nxd5 8. Qb3 {[%emt 0:22:58] White is slightly better.} Qb6 (8... Nd7 {feels hotter.} 9. Nxd5 Nc5 10. Qb6 Qxd5 11. d4 Rd8) 9. Nxd5 Qxb3 10. axb3 cxd5 11. Bb5+ Kd8 12. d4 $36 {[%emt 0:00:55][%mdl 2048] White has the initiative.} f6 13. Nd3 e6 14. Bd2 Nc6 15. Bxc6 bxc6 16. Bb4 Bg6 {[%emt 0:14:24] [#] White stays focused until the end.} 17. Bxf8 $1 Rxf8 18. Nc5 Ke7 19. Kd2 (19. Nxa6 $2 Bd3 20. Kd2 Bxa6 $19) (19. Rxa6 $2 Rxa6 20. Nxa6 Ra8 $19) 19... Rfb8 20. Ra4 {[%emt 0:01:41] White is more active.} ({Worse is} 20. Nxa6 Rxb3 21. Ra2 e5 $17 (21... Bd3 22. Nc5 $11)) 20... a5 (20... e5 $16 {might work better.}) 21. Rha1 $18 Rb5 22. Kc1 e5 {[%emt 0:01:19] [#]} 23. b4 $1 exd4 24. exd4 (24. Rxa5 Raxa5 25. Rxa5 Rxb4 $19) 24... Re8 (24... Rab8 $142) 25. bxa5 {[%emt 0:05:36] Black must now prevent a6.} Kd6 26. b3 Rbb8 27. Kd2 Re7 28. Re1 Rxe1 29. Kxe1 {[%emt 0:00:05] KRB-KRN} Bc2 30. a6 {[%emt 0:03:37][%cal Oa4b4] Rb4! is the strong threat.} Bf5 $2 {[%emt 0:03:06] [#]} (30... Ra8 31. Rb4 Ra7) 31. Rb4 $3 {[%emt 0:01:00][%mdl 512] White is clearly winning.} Kc7 (31... Ra8 32. Rb7) 32. a7 Ra8 33. Rb7+ Kd6 34. Rxg7 {[%emt 0:00:27] Weighted Error Value: White=0.06 (flawless) /Black=0.21 (precise) .  Mistake:       	---       	Black=3      Inaccurate:     	White=2     	Black=4      OK:         	White=13    	Black=7      Best:        	White=2     	Black=1      Strong:       	White=1     	---        Brilliant:      	White=1     	---} 1-0

[Event "1000 GM Labor Day Super Swiss 2024"]
[Site "San Jose"]
[Date "2024.09.03"]
[Round "7.17"]
[White "Garduno Huerta, Joshua Emiliano"]
[Black "Karthi, Jashith"]
[Result "1-0"]
[Annotator "TA"]
[ECO "E35"]
[WhiteElo "2056"]
[BlackElo "2066"]
[PlyCount "85"]
[EventDate "2024.08.30"]
[EventType "swiss"]
[EventCountry "USA"]
[SourceTitle "playchess.com"]
[Source "ChessBase"]
[SourceQuality "1"]
[TimeControl "5400+30"]

1. d4 Nf6 2. c4 e6 3. Nc3 Bb4 4. Qc2 d5 5. cxd5 exd5 6. Bg5 h6 7. Bxf6 Qxf6 8. a3 Bxc3+ 9. Qxc3 O-O 10. e3 Be6 11. Bd3 Qg5 {[%emt 0:04:43] The position is equal.} 12. g3 Rc8 13. Ne2 c5 14. dxc5 $16 Nd7 (14... Qe7 $142) 15. b4 Bg4 16. O-O b6 (16... Re8 {was called for.} 17. Bb5 Rad8) 17. c6 $18 Bh3 18. Rfc1 Ne5 19. Nd4 {[%emt 0:02:07] aiming for f4.} Qh5 20. b5 a6 21. a4 (21. bxa6 Nf3+ 22. Nxf3 Qxf3 $11) 21... Be6 $2 (21... a5 22. Be2 Bg4) 22. Be2 Bg4 23. Bxg4 Nxg4 24. Nf3 Re8 $2 (24... Nf6) 25. Kg2 Re6 26. c7 Rc8 27. Ra2 axb5 28. axb5 Re7 29. Ra7 {[%emt 0:00:00][%cal Ba2a7,Ba7b7,Bb7b8,Bb8c8][%mdl 32] White is clearly winning.} Qf5 30. Rb7 Qe4 {[%emt 0:01:04] ...Ne5 would now be deadly.} 31. Rb8 (31. Rxb6 Rcxc7 32. Rc6 (32. Qxc7 $2 Rxc7 33. Rxc7 Ne5 $19) 32... Rb7 $14) 31... Ree8 {[%emt 0:00:07][%cal Og4h2] [#]} 32. Rxc8 $1 (32. Rxb6 $2 {loses.} Ne5 33. Qd4 Qxf3+ 34. Kg1 Qe2 $19) 32... Rxc8 33. Qd4 Nf6 (33... Kh7 $142 34. Rc6 (34. Qxb6 Ne5 $11) 34... Kg8) 34. Qxb6 {[%emt 0:01:39] Black must now prevent Qa6.} d4 35. Qxd4 Qb7 36. Qd8+ Kh7 {[%emt 0:00:05] [#]} 37. b6 $1 {[%emt 0:00:07] Threatens to win with Rd1.} Ne8 {[%emt 0:00:34] [#]} (37... Nd5 38. Qxc8) 38. Qxc8 $3 Qxc8 {[%emt 0:00:01] [#]} 39. b7 $1 Qxb7 40. c8=Q ({Not} 40. c8=R Qb5 41. h3 Qd7 $18) 40... Qe4 41. Qc2 Qxc2 42. Rxc2 Nd6 43. h4 {[%emt 0:00:19] Black got outplayed after the opening.   Weighted Error Value: White=0.40/Black=0.54.  Mistake:       	---       	Black=6      Inaccurate:     	White=1     	Black=2      OK:         	White=13    	Black=4      Best:        	White=3     	Black=1      Strong:       	White=1     	---} 1-0

[Event "1000 GM Labor Day Super Swiss 2024"]
[Site "San Jose"]
[Date "2024.09.03"]
[Round "7.18"]
[White "Champsi, Imran"]
[Black "Zuluaga Mancilla, Cesar"]
[Result "0-1"]
[Annotator "TA"]
[ECO "A29"]
[WhiteElo "2012"]
[BlackElo "2166"]
[PlyCount "64"]
[EventDate "2024.08.30"]
[EventType "swiss"]
[EventCountry "USA"]
[SourceTitle "playchess.com"]
[Source "ChessBase"]
[SourceQuality "1"]
[TimeControl "5400+30"]

1. c4 e5 2. Nc3 Nf6 3. g3 d5 4. cxd5 Nxd5 5. Bg2 Nb6 6. Nf3 Nc6 7. d3 Be7 8. O-O O-O 9. Bd2 Re8 10. Rc1 Bf8 11. Ne4 Nd4 12. Nc5 c6 13. Nb3 (13. Nxd4 $11 Qxd4 14. b4) 13... Nxb3 $15 14. Qxb3 Be6 15. Qc2 f6 {[%emt 0:00:18] Prevents Ng5.} 16. a3 Rc8 17. Bc3 c5 18. Rfd1 Qd7 19. Nd2 Qf7 20. a4 Nd5 21. Nc4 b6 22. b3 Red8 23. e3 Bg4 24. Rd2 Qh5 25. d4 exd4 26. exd4 Bf5 27. Qd1 {[%emt 0:04:55] Now White is beyond hope.} (27. Be4 $11 Bxe4 28. Qxe4) 27... Qxd1+ $19 28. Rdxd1 {[%emt 0:00:05] [#] Hoping for Bxd5+.} Nxc3 29. Rxc3 cxd4 30. Rcc1 Bb4 31. Nb2 $2 {[%emt 0:07:18] White is weak on the dark squares} (31. Bf3) 31... Rxc1 32. Rxc1 Ba3 {[%emt 0:00:22] Weighted Error Value: White=0.66/Black=0.09 (flawless) .  Loses game:     	White=1     	---        Mistake:       	White=2     	---        Inaccurate:     	White=1     	Black=3      OK:         	White=4     	Black=9      Best:        	---       	Black=3} 0-1

[Event "1000 GM Labor Day Super Swiss 2024"]
[Site "San Jose"]
[Date "2024.09.03"]
[Round "7.19"]
[White "Gonzalez Zharikov, Andrey"]
[Black "Harish, Neeraj"]
[Result "1/2-1/2"]
[Annotator "TA"]
[ECO "C64"]
[WhiteElo "2070"]
[BlackElo "2118"]
[PlyCount "168"]
[EventDate "2024.08.30"]
[EventType "swiss"]
[EventCountry "USA"]
[SourceTitle "playchess.com"]
[Source "ChessBase"]
[SourceQuality "1"]
[TimeControl "5400+30"]

1. e4 e5 2. Nf3 Nc6 3. Bb5 Bc5 4. c3 Nf6 5. d4 exd4 6. e5 Nd5 7. O-O O-O 8. cxd4 {[%emt 0:01:46] White is slightly better.} Be7 9. Qb3 Nb6 10. d5 Nb8 {[%emt 0:00:05] [#]} 11. d6 $1 {[%emt 0:02:36] White is much more active.} cxd6 12. exd6 Bxd6 13. a4 {[%emt 0:01:49] And now a5 would win.} a5 $1 14. Be3 (14. Bd3 $14 {was preferrable.} h6 15. Qb5) 14... Bb4 (14... Na6 {looks sharper.} 15. Bd3 Bb4 16. Bg5 Qe8) 15. Nc3 d6 16. Bxb6 Qxb6 17. Nd5 Qd8 18. Nxb4 axb4 19. Qxb4 Be6 20. Rad1 d5 21. Nd4 Nd7 (21... Na6 $14 22. Qd2 Bg4) 22. Nxe6 (22. Qc3 {simplifies} Qb6 23. Nxe6 Qxe6 24. Qd4) 22... fxe6 23. Qd6 Qb6 $1 24. Qxd7 (24. Qxb6 {simplifies} Nxb6 25. b3 Rf7 26. Rfe1) 24... Rf7 {[%emt 0:00:29] [#]} 25. a5 $1 Qxa5 26. Qxe6 (26. b4 Qb6 (26... Qxb4 $2 {perishes.} 27. Rb1 $18) 27. Rfe1 Qxf2+ (27... Rxf2 $2 {is the wrong capture.} 28. Rxe6 Qa7 29. Kh1 $18) 28. Kh1 Rxd7 $11) 26... Qxb5 27. Rd2 Re8 (27... Rd8 $11) 28. Qxd5 $16 Qxd5 29. Rxd5 {[%emt 0:00:02][%mdl 4096] Endgame. KRR-KRR} Re2 30. Rb5 h6 31. h3 Kh7 32. Kh2 Rd2 33. Kg3 Rc7 34. b3 Rb2 35. f3 Rc3 36. Rxb7 Rcxb3 37. Rxb3 Rxb3 $14 {[%emt 0:00:06] KR-KR} 38. h4 Kg6 39. Rc1 Rb2 40. Rc6+ Kf7 41. h5 Ra2 42. Kh3 Rf2 43. Kg3 Ra2 44. f4 Rb2 45. Kf3 Ra2 46. g3 (46. Rc7+ $16 Kf6 47. Rc5) 46... Ra3+ (46... Ra5 $1 $11 {remains equal.}) 47. Kg4 $1 $16 Rb3 48. Rc4 Ra3 49. Kh4 Rf3 50. Re4 Ra3 51. Re5 Rf3 52. Ra5 Rb3 53. Kg4 Rc3 54. Ra2 Rb3 {[%emt 0:00:13] [#]} 55. Rf2 $1 Kf6 56. Rf3 Rb6 57. Re3 Ra6 58. Kh4 Ra4 59. Rb3 Rc4 60. Rb6+ Kf7 61. Rb3 Kf6 $1 62. Kg4 Rc6 63. Kf3 Rc4 64. g4 Rc6 65. Kg3 Ra6 66. Kh4 Ra4 67. Kg3 Ra6 $1 68. Rc3 Rb6 69. Kh4 Rb4 {[%emt 0:00:07] [#]} 70. Rc6+ (70. Rf3 $1 $16) 70... Kf7 $11 71. f5 Ra4 72. Rg6 Rf4 73. Kg3 Rf1 74. Re6 Rg1+ 75. Kh3 Rf1 76. Kg2 Rf4 77. Kg3 Rf1 78. Re3 Rg1+ 79. Kf4 Rf1+ 80. Rf3 Rg1 81. Ra3 Rf1+ 82. Kg3 Rg1+ 83. Kh4 Rh1+ 84. Rh3 Rg1 {[%emt 0:00:34] Weighted Error Value: White=0.07 (flawless) /Black=0.08 (flawless) .  Mistake:       	White=3     	Black=4      Inaccurate:     	White=2     	Black=4      OK:         	White=28    	Black=23     Best:        	White=3     	Black=2      Strong:       	White=2     	Black=4} (84... Rc1 $11 {keeps the balance.}) 1/2-1/2

[Event "1000 GM Labor Day Super Swiss 2024"]
[Site "San Jose"]
[Date "2024.09.03"]
[Round "7.20"]
[White "Angeles Mercado, Anthony R"]
[Black "Bhatta, Rohit"]
[Result "0-1"]
[Annotator "RC"]
[ECO "E04"]
[WhiteElo "2083"]
[BlackElo "2025"]
[PlyCount "116"]
[EventDate "2024.08.30"]
[EventType "swiss"]
[EventCountry "USA"]
[SourceTitle "playchess.com"]
[Source "ChessBase"]
[SourceQuality "1"]
[TimeControl "5400+30"]

1. d4 Nf6 2. c4 e6 3. g3 d5 4. Nf3 dxc4 5. Bg2 c5 6. O-O Nc6 7. Qa4 Bd7 8. Qxc4 b5 9. Qd3 c4 10. Qd1 Be7 11. a4 b4 12. Ne5 Nxe5 13. dxe5 Nd5 14. e4 Nb6 15. a5 Nc8 16. Qg4 Kf8 17. Rd1 Qc7 18. Qe2 Bb5 19. Nd2 a6 20. Nf3 Na7 21. Be3 Nc6 22. Bb6 Qb7 23. Qe3 g6 24. Qh6+ Kg8 25. h4 Bf8 26. Qf4 h5 27. Rd2 Bh6 28. Ng5 Bg7 29. Rad1 Bxe5 30. Qf3 Qe7 31. Qe3 Rf8 32. f4 Bf6 33. Bc5 Qe8 34. Bxf8 Qxf8 35. e5 Be7 36. Ne4 Nxa5 37. Qb6 Nc6 38. Nf6+ Kg7 39. Nd7 Qc8 40. Qe3 Rd8 41. Nb6 Qb8 42. Rd7 Rxd7 43. Rxd7 Bd8 44. Rxd8 Qxd8 45. Nxc4 Bxc4 46. Bxc6 Qd1+ 47. Kg2 Bf1+ 48. Kf2 Bh3 49. Qe2 Qd4+ 50. Ke1 Bg4 51. Bf3 Bxf3 52. Qxf3 Qxb2 53. Qb7 Qc3+ 54. Kf2 Qc5+ 55. Ke1 Qe3+ 56. Kf1 Qxg3 57. Qxb4 Qxh4 58. Ke2 Qg3 0-1

[Event "1000 GM Labor Day Super Swiss 2024"]
[Site "San Jose"]
[Date "2024.09.03"]
[Round "7.21"]
[White "Alfaro, William"]
[Black "Ubaldo Suarez, Maria Gisela"]
[Result "1-0"]
[Annotator "TA"]
[ECO "D02"]
[WhiteElo "2137"]
[BlackElo "1958"]
[PlyCount "55"]
[EventDate "2024.08.30"]
[EventType "swiss"]
[EventCountry "USA"]
[SourceTitle "playchess.com"]
[Source "ChessBase"]
[SourceQuality "1"]
[TimeControl "5400+30"]

1. d4 d5 2. c4 c6 3. Nf3 h6 4. Nc3 Nf6 5. g3 e6 6. Bg2 Bd6 7. O-O O-O 8. Nd2 (8. Ne5 $14) 8... e5 $11 9. dxe5 Bxe5 10. Nf3 (10. cxd5 $14 Nxd5 11. Nxd5 cxd5 12. Nb3) 10... Bxc3 11. bxc3 Qa5 12. cxd5 Qxd5 13. Qd4 Nbd7 14. Bf4 Re8 15. Rfe1 Qh5 16. h3 Nd5 (16... Nf8 $11 {remains equal.}) 17. g4 $1 $16 Qg6 {[%emt 0:02:44] Hoping for ...Re4.} 18. Bg3 Qc2 19. Rac1 Qxa2 20. c4 N5f6 21. e4 $1 {[%emt 0:02:49][%cal Be2e4,Be4e5][%mdl 1056] White has strong compensation.} c5 (21... Qa3 $16) 22. Qd3 $18 Nb6 23. e5 Nh7 {[%emt 0:01:03] [#]} 24. Nd2 $1 {[%emt 0:07:22] And now Ra1 would win.} Be6 {[%emt 0:03:00] [#]} 25. Ra1 $1 $36 {[%emt 0:00:26][%mdl 2048] Black is under strong pressure.} (25. Bxb7 Rad8 26. Rc2 Rxd3 $15) 25... Qb2 {[%emt 0:00:58] ...Rad8 is the strong threat.} 26. Reb1 $1 (26. Bxb7 $2 Rad8 27. Qe3 (27. Bd5 $2 Nxd5 28. Ne4 Nb4 $19) 27... Qxd2 $19) 26... Rad8 $2 (26... Qd4 27. Qxd4 cxd4) 27. Qxh7+ (27. Rxb2 Rxd3 28. Rxa7 (28. Bxb7 Nxc4 29. Nxc4 Bxc4 $11) 28... Nxc4 29. Nxc4 (29. Rbxb7 $2 {is the wrong capture.} Nxd2 30. Rc7 c4 $19) 29... Bxc4 $11) 27... Kxh7 28. Rxb2 {[%emt 0:00:17] Weighted Error Value: White=0.10 (very precise) /Black=0.36.  Mistake:       	White=1     	Black=3      Inaccurate:     	White=2     	Black=4      OK:         	White=5     	Black=7      Best:        	White=2     	Black=1      Strong:       	White=5     	---} 1-0